 Dungeon Crawl Stone Soup version 0.28-a0-683-ga8797d1ae1 (webtiles) character file.

Game seed: 13282650969024346632

3445 Woods the Summoner (level 10, -16/73 HPs)
             Began as a Gnoll Summoner on Oct 18, 2021.
             Was an Initiate of Cheibriados.
             Demolished by sleeves's ghost (21 damage)
             ... on level 8 of the Dungeon.
             The game lasted 00:20:16 (11460 turns).

Woods the Summoner (Gnoll Summoner)                Turns: 11460, Time: 00:20:17

Health: -16/73     AC:  5    Str: 10    XL:     10   Next: 5%
Magic:  13/20      EV: 14    Int: 18    God:    Cheibriados [......]
Gold:   292        SH:  0    Dex: 13    Spells: 7/23 levels left

rFire   . . .      SeeInvis .   l - +0 whip (elec)
rCold   . . .      Faith    .   (no shield)
rNeg    . . .      Spirit   .   a - +0 robe
rPois   +          Reflect  .   (no helmet)
rElec   .          Harm     .   x - +0 cloak "Ughimagg" {rPois Regen+}
rCorr   .          Rampage  .   (no gloves)
Will    .....                   m - +1 pair of boots
Stlth   +++.......              (no amulet)
HPRegen 1.22/turn               (no ring)
MPRegen 0.17/turn               (no ring)

@: mighty, very slow
A: fangs 1, strong nose, distributed training
a: Renounce Religion, Bend Time


You were on level 8 of the Dungeon.
You worshipped Cheibriados.
Cheibriados was noncommittal.
You visited 2 branches of the dungeon, and saw 9 of its levels.
You also visited: Sewer.

You collected 480 gold pieces.
You spent 188 gold pieces at shops.

Inventory:

Hand Weapons
 j - a +2 quarterstaff of chaos
 l - a +0 whip of electrocution (weapon)
Missiles
 y - a throwing net
Armour
 a - a +0 robe (worn)
 m - a +1 pair of boots (worn)
 x - the +0 cloak "Ughimagg" (worn) {rPois Regen+}
   (You bought it in a shop on level 6 of the Dungeon)

   rPois:     It protects you from poison.
   Regen:     It increases your rate of health regeneration.
Magical Staves
 u - a staff of death
Wands
 r - a wand of acid (4)
 C - a wand of iceblast (7)
 D - a wand of paralysis (12)
Scrolls
 d - a scroll of summoning {unknown}
 e - a scroll of noise {unknown}
 f - 6 scrolls of teleportation
 g - a scroll of amnesia {unknown}
 h - 4 scrolls of identify
 i - a scroll of silence {unknown}
 q - a scroll of brand weapon {unknown}
 w - a scroll of enchant armour {unknown}
 A - a scroll of fog {unknown}
Potions
 c - 2 potions of degeneration {unknown}
 k - a potion of cancellation {unknown}
 n - a potion of magic {unknown}
 o - a potion of berserk rage
 p - a potion of brilliance {unknown}
 s - a potion of invisibility {unknown}
 t - 2 potions of haste
 v - a potion of flight {unknown}
 z - a potion of attraction {unknown}
 B - a potion of heal wounds {unknown}
 E - a potion of curing {unknown}


   Skills:
 + Level 4.9 Fighting
 + Level 4.9 Short Blades
 + Level 4.9 Long Blades
 + Level 4.9 Axes
 + Level 4.9 Maces & Flails
 + Level 4.9 Polearms
 + Level 4.9 Staves
 + Level 4.9 Slings
 + Level 4.9 Bows
 + Level 4.9 Crossbows
 + Level 4.9 Throwing
 + Level 4.9 Armour
 + Level 6.7 Dodging
 + Level 6.5 Stealth
 + Level 4.9 Shields
 + Level 4.9 Unarmed Combat
 + Level 7.1 Spellcasting
 + Level 4.0 Conjurations
 + Level 4.0 Hexes
 + Level 8.2 Summonings
 + Level 4.0 Necromancy
 + Level 4.0 Translocations
 + Level 4.0 Transmutations
 + Level 4.0 Fire Magic
 + Level 4.0 Ice Magic
 + Level 4.0 Air Magic
 + Level 4.0 Earth Magic
 + Level 4.0 Poison Magic
 + Level 5.3 Invocations
 + Level 4.9 Evocations


You had 7 spell levels left.
You knew the following spells:

 Your Spells              Type           Power      Damage    Failure   Level
a - Summon Small Mammal   Summ           100%       N/A       1%          1
b - Call Imp              Summ           36%        N/A       1%          2
c - Call Canine Familiar  Summ           36%        N/A       1%          3
d - Summon Guardian Gole  Hex/Summ       28%        N/A       2%          3
e - Summon Lightning Spi  Summ/Air       28%        N/A       9%          4
f - Teleport Other        Tloc           20%        N/A       6%          3

Your spell library contained the following spells:

 Spells                   Type           Power      Damage    Failure   Level
 Pain                     Necr           80%        1d8       1%          1
 Gell's Gravitas          Tloc           10%        N/A       6%          3
 Lesser Beckoning         Tloc           20%        N/A       6%          3
 Agony                    Necr           20%        N/A       50%         5
 Excruciating Wounds      Necr           10%        N/A       50%         5


Dungeon Overview and Level Annotations

Branches:
Dungeon (8/15)             Temple (1/1) D:5           Sewer (visited)
   Lair: D:8-11

Altars:
Ashenzari
Cheibriados
Dithmenos
Elyvilon
Fedhas
Gozag
Hepliaklqana
Kikubaaqudgha
Makhleb
Nemelex Xobeh
Okawaru
Qazlal
Ru
Sif Muna
Trog
Uskayaw
Vehumet
Wu Jian
Xom
Yredelemnul
Zin
The Shining One

Shops:
D:6 [*

Annotations:
D:8 sleeves's ghost, novice DsMo


Innate Abilities, Weirdness & Mutations

You have very sharp teeth.
Your uncanny sense of smell can sniff out nearby items.
Your experience applies equally to all skills.


Message History

A beastly little devil appears in a puff of frigid air.
Sleeves's ghost hits you!!
Your magical contamination has completely faded away.
Your hound bites sleeves's ghost.
Your hound bites sleeves's ghost but does no damage.
Sleeves's ghost hits you.
Your hound closely misses sleeves's ghost.
Your white imp gestures at sleeves's ghost.
The puff of frost hits sleeves's ghost!
Sleeves's ghost hits you!!
Your hound bites sleeves's ghost but does no damage.
Your white imp gestures at sleeves's ghost.
The puff of frost misses sleeves's ghost.
Your hound bites sleeves's ghost but does no damage.
Sleeves's ghost hits your white imp!!
Your white imp dies!
Your white imp disappears in a puff of smoke!
Your hound bites sleeves's ghost.
Your hound bites sleeves's ghost but does no damage.
Sleeves's ghost hits you!
* * * LOW HITPOINT WARNING * * *
Your hound bites sleeves's ghost but does no damage.
Sleeves's ghost waves a bulging coin purse at you.
Sleeves's ghost barely misses you.
Your hound misses sleeves's ghost.
You feel very mighty all of a sudden.
Your hound misses sleeves's ghost. Sleeves's ghost misses you.
You barely miss sleeves's ghost.
Sleeves's ghost is lightly damaged.
Your hound bites sleeves's ghost.
Sleeves's ghost hits you!!
* * * LOW HITPOINT WARNING * * *
Unknown command.
Press: ? - help, v - describe, . - travel
Here: sleeves's ghost (moderately damaged, ally target)
The floor.
As you read the scroll labelled NUQOUN XEGUSAU, it crumbles to dust.
It is a scroll of identify.
f - 6 scrolls of teleportation Your hound bites sleeves's ghost but does no damage.
Sleeves's ghost hits you!!
You die...

#.##..#⌠.!♣?.⌠#..#
#####.##..##.....##..#
...........##...##...#
#########...##.##.9.##
# ##...#'#.h..# #
#........#.# #
#.#.....##.# #
#.##..###9.# #
#.###..@Wh## #
#.###.########### #
#.#..<..........#
######
#.#.#.#########.#
.....# #.#.#.# #.#
####.# #.....##### #.#
##.## ###.......# #.#
##...## #..####.# #.#
##.....#####..# #.#
#.#


You could see sleeves's ghost (ally target), a friendly guardian golem
(summoned) and a friendly hound (summoned, sheltered).

Vanquished Creatures
  Duvessa (D:6)
  An ogre (D:7)
  2 bullfrogs
  A scorpion (D:5)
  A wyvern skeleton (D:7)
  A water moccasin skeleton (D:4)
  4 killer bees (D:7)
  A bullfrog zombie (D:7)
  A bullfrog skeleton (D:6)
  2 centaur skeletons (D:7)
  A hound (D:4)
  An orc wizard (D:6)
  A killer bee zombie (D:6)
  2 howler monkey skeletons
  An adder (D:3)
  A gnoll (D:5)
  A white imp (D:7)
  2 ufetubi
  3 worms
  A dart slug (D:4)
  3 orcs
  6 bats
  5 endoplasms
  A hobgoblin (D:4)
  A kobold (D:4)
  A quokka (D:4)
  A ball python (D:4)
  A frilled lizard (D:3)
  3 goblins
  2 rats
53 creatures vanquished.

Vanquished Creatures (collateral kills)
  Grinder (D:6)
  Sigmund (D:4)
  2 black bears
  An ogre (D:2)
  2 centaurs
  2 bullfrogs
  Dowan (D:6)
  A killer bee (D:7)
  A howler monkey (D:8)
  4 wights
  A centaur zombie (D:5)
  Crazy Yiuf (D:2)
  3 orc priests
  A hound (D:4)
  4 orc wizards
  A hound zombie (D:5)
  2 gnolls (D:5)
  3 adders
  A white imp (D:8)
  3 worms
  A dart slug (D:3)
  12 orcs
  6 endoplasms
  2 giant cockroaches
  4 goblins
  4 hobgoblins
  3 jackals (D:1)
  6 kobolds
  3 quokkas
  12 ball pythons
  5 bats
  3 frilled lizards
  A jackal skeleton (D:4)
  4 rats
102 creatures vanquished.

Vanquished Creatures (others)
  A yak (D:5)
  An acid dragon (D:8)
  A water moccasin (D:7)
  An orc warrior (D:5)
  Purgy (Sewer)
  A bullfrog (D:8)
  A killer bee (D:7)
  5 wights
  A bullfrog zombie (D:6)
  An orc (D:7)
  A fungus (D:2)
15 creatures vanquished.

Grand Total: 170 creatures vanquished

Notes
Turn   | Place    | Note
-------+----------+-------------------------------------------
     0 | D:1      | Woods the Gnoll Summoner began the quest for the Orb.
     0 | D:1      | Reached XP level 1. HP: 13/13 MP: 6/6
   310 | D:1      | Reached XP level 2. HP: 19/19 MP: 4/7
   988 | D:1      | Learned a level 2 spell: Call Imp
  1150 | D:1      | Reached XP level 3. HP: 25/25 MP: 6/9
  1154 | D:1      | Learned a level 3 spell: Call Canine Familiar
  1158 | D:1      | Learned a level 3 spell: Summon Guardian Golem
  1246 | D:1      | Reached skill level 5 in Spellcasting
  1589 | D:2      | Reached skill level 1 in Invocations
  1888 | D:2      | Noticed an ogre
  1898 | D:2      | Killed an ogre
  1899 | D:2      | Reached skill level 1 in Fighting
  1899 | D:2      | Reached skill level 1 in Short Blades
  1899 | D:2      | Reached skill level 1 in Long Blades
  1899 | D:2      | Reached skill level 1 in Axes
  1899 | D:2      | Reached skill level 1 in Maces & Flails
  1899 | D:2      | Reached skill level 1 in Polearms
  1899 | D:2      | Reached skill level 1 in Staves
  1899 | D:2      | Reached skill level 1 in Slings
  1899 | D:2      | Reached skill level 1 in Bows
  1899 | D:2      | Reached skill level 1 in Crossbows
  1899 | D:2      | Reached skill level 1 in Throwing
  1899 | D:2      | Reached skill level 1 in Armour
  1899 | D:2      | Reached skill level 1 in Shields
  1899 | D:2      | Reached skill level 1 in Unarmed Combat
  1899 | D:2      | Reached skill level 1 in Conjurations
  1899 | D:2      | Reached skill level 1 in Hexes
  1899 | D:2      | Reached skill level 1 in Necromancy
  1899 | D:2      | Reached skill level 1 in Translocations
  1899 | D:2      | Reached skill level 1 in Transmutations
  1899 | D:2      | Reached skill level 1 in Fire Magic
  1899 | D:2      | Reached skill level 1 in Ice Magic
  1899 | D:2      | Reached skill level 1 in Air Magic
  1899 | D:2      | Reached skill level 1 in Earth Magic
  1899 | D:2      | Reached skill level 1 in Poison Magic
  1899 | D:2      | Reached skill level 1 in Evocations
  1899 | D:2      | Reached XP level 4. HP: 32/32 MP: 3/11
  1899 | D:2      | Reached XP level 5. HP: 37/37 MP: 3/12
  2371 | D:2      | Found a faded altar of an unknown god.
  2451 | D:2      | Found a runed translucent door.
  2452 | D:2      | Noticed Crazy Yiuf
  2813 | D:2      | Killed Crazy Yiuf
  4094 | D:4      | Noticed a black bear
  4109 | D:4      | Killed a black bear
  4110 | D:4      | Reached skill level 5 in Dodging
  4110 | D:4      | Reached XP level 6. HP: 40/44 MP: 4/14
  4132 | D:4      | Found a glowing drain.
  4138 | Sewer    | Entered a sewer
  4454 | Sewer    | Noticed Purgy
  4492 | Sewer    | Killed Purgy
  4871 | D:4      | Reached XP level 7. HP: 23/50 MP: 5/15
  5528 | D:4      | Learned a level 4 spell: Summon Lightning Spire
  5734 | D:4      | Noticed Sigmund
  5754 | D:4      | Killed Sigmund
  5755 | D:4      | Reached skill level 5 in Stealth
  5914 | D:5      | Entered Level 5 of the Dungeon
  5927 | D:5      | Learned a level 3 spell: Teleport Other
  5938 | D:5      | Found a staircase to the Ecumenical Temple.
  6023 | D:5      | Reached XP level 8. HP: 38/57 MP: 13/16
  6042 | Temple   | Entered the Ecumenical Temple
  6520 | D:5      | Found a radiant altar of Vehumet.
  7028 | D:5      | Noticed a yak
  7092 | D:5      | Killed a yak
  7508 | D:5      | HP: 2/58 [bullfrog (1)]
  7928 | D:6      | Found Galairch's Assorted Antiques.
  7929 | D:6      | Noticed Grinder
  7967 | D:6      | Killed Grinder
  8267 | D:6      | Noticed Duvessa
  8274 | D:6      | Noticed Dowan
  8289 | D:6      | Killed Duvessa
  8290 | D:6      | Reached XP level 9. HP: 58/65 MP: 10/18
  8308 | D:6      | Killed Dowan
  8476 | D:6      | Found an ancient bone altar of Kikubaaqudgha.
  8492 | D:6      | Found Sirhinul's Armour Shop.
  8586 | D:6      | Bought the +0 cloak "Ughimagg" {rPois Regen+} for 188 gold
                  | pieces
  8990 | D:7      | Found a glowing golden altar of the Shining One.
  9165 | D:7      | Reached skill level 8 in Summonings
 10025 | D:7      | Reached skill level 5 in Invocations
 10262 | D:7      | Found a shimmering blue altar of Sif Muna.
 10262 | D:7      | Found a bloodstained altar of Trog.
 10263 | D:7      | Found a snail-covered altar of Cheibriados.
 10532 | D:7      | Became a worshipper of Cheibriados the Contemplative
 10735 | D:8      | Found a runed translucent door.
 10737 | D:8      | Noticed sleeves's ghost (novice DsMo)
 10902 | D:8      | Reached XP level 10. HP: 73/73 MP: 6/20
 11460 | D:8      | Demolished by sleeves's ghost

Illustrated notes

Levels and vault maps discovered:
D:1:      psy_arrival_terrarium, layout_basic
D:2:      layout_basic, ebering_ecumenical_altar_mist, uniq_crazy_yiuf_cottage
D:3:      wander_river, layout_basic, chequers_serial_rivers_micro_c,
          minmay_liquid_box, grunt_ministairs_7, st_stairs_7
D:4:      layout_cave_pods, gup_sewer_entry_bowl, uniq_sigmund
D:5:      layout_cave_pools, lemuel_tele_altar, minmay_temple_entry_arrows,
          serial_rivers, chequers_serial_rivers_small_b,
          chequers_serial_rivers_small_b, chequers_serial_rivers_large_b,
          chequers_serial_rivers_marsh, minmay_small_thing
D:6:      layout_cave_pools, mainiacjoe_overflow_surrounded_room, serial_shops,
          shop, shop, uniq_grinder, uniq_duvessa
D:7:      layout_loops_corners, gammafunk_temple_overflow_claw,
          lemuel_round_altar, minmay_misc_feat_roman, grunt_ogre_cave
D:8:      minmay_klotski, layout_loops_ring, hellmonk_ghost_happy_afterlife
Temple:   nicolae_temple_x_marks_the_god

Skill      XL: |  1  2  3  4  5  6  7  8  9 10 |
---------------+-------------------------------+-----
Spellcasting   | 5 6 7 |  7.1
Invocations    | 1 2 3 4 5 |  5.3
Fighting       | 1 2 3 4 |  4.9
Short Blades   | 1 2 3 4 |  4.9
Long Blades    | 1 2 3 4 |  4.9
Axes           | 1 2 3 4 |  4.9
Maces & Flails | 1 2 3 4 |  4.9
Polearms       | 1 2 3 4 |  4.9
Staves         | 1 2 3 4 |  4.9
Slings         | 1 2 3 4 |  4.9
Bows           | 1 2 3 4 |  4.9
Crossbows      | 1 2 3 4 |  4.9
Throwing       | 1 2 3 4 |  4.9
Armour         | 1 2 3 4 |  4.9
Shields        | 1 2 3 4 |  4.9
Unarmed Combat | 1 2 3 4 |  4.9
Conjurations   | 1 2 3 4 |  4.0
Hexes          | 1 2 3 4 |  4.0
Necromancy     | 1 2 3 4 |  4.0
Translocations | 1 2 3 4 |  4.0
Transmutations | 1 2 3 4 |  4.0
Fire Magic     | 1 2 3 4 |  4.0
Ice Magic      | 1 2 3 4 |  4.0
Air Magic      | 1 2 3 4 |  4.0
Earth Magic    | 1 2 3 4 |  4.0
Poison Magic   | 1 2 3 4 |  4.0
Evocations     | 1 2 3 4 |  4.9
Dodging        | 5 6 |  6.7
Stealth        | 5 6 |  6.5
Summonings     | 8 |  8.2

Action                   |  1- 3 |  4- 6 |  7- 9 | 10-12 || total
-------------------------+-------+-------+-------+-------++-------
Melee: Unarmed           |    62 |    17 |       |       ||    79
       Bite              |     4 |     6 |     9 |       ||    19
       Whip              |       |    57 |   175 |     2 ||   234
       Punch             |       |       |     4 |       ||     4
 Cast: Summon Small Mamm |    43 |     8 |    27 |     2 ||    80
       Call Canine Famil |     3 |    19 |    40 |     3 ||    65
       Call Imp          |     3 |    10 |    10 |     2 ||    25
       Summon Guardian G |       |     6 |    25 |     3 ||    34
       Summon Lightning  |       |       |     6 |       ||     6
  Use: Potion            |       |       |     2 |     1 ||     3
       Scroll            |       |       |       |     1 ||     1
 Stab: Sleeping          |     4 |     4 |     2 |       ||    10
       Distracted        |     2 |       |     2 |       ||     4
Armor: Robe              |    15 |    24 |    42 |       ||    81
Dodge: Dodged            |    46 |    59 |   141 |     3 ||   249

Table legend: (Time is in decaauts)
 A = Elapsed time spent in this place.
 B = Non-inter-level travel time spent in this place.
 C = Inter-level travel time spent in this place.
 D = Time resting spent in this place.
 E = Time spent auto-exploring this place.
 F = Levels seen in this place.
 G = Mean time per level.
                   A        B        C        D        E       F      G
               +--------+--------+--------+--------+--------+-----+--------+
         Total |  11701 |  11248 |    453 |   2057 |   6860 |  10 | 1170.1 |
       Dungeon |  10787 |  10340 |    447 |   1348 |   6792 |   8 | 1348.4 |
        Temple |    256 |    250 |      6 |    176 |     38 |   1 |  256.0 |
         Sewer |    656 |    656 |      0 |    533 |     30 |   1 |  656.0 |
               +--------+--------+--------+--------+--------+-----+--------+

Top non-repeatable levels by time:
     D:5: 1776 daAuts
     D:7: 1712 daAuts
     D:1: 1546 daAuts
     D:2: 1467 daAuts
     D:4: 1261 daAuts
     D:8: 1030 daAuts
     D:3: 999 daAuts
     D:6: 993 daAuts
   Sewer: 656 daAuts
  Temple: 256 daAuts
